 Dungeon Crawl Stone Soup version 0.31.0-12-g77e489cdc1 (webtiles) character file.

Game seed: 9926950410451223623

1226 Goblin1989 the Insei (level 8, -5/63 HPs)
             Began as a Demonspawn Delver on Feb 11, 2024.
             Was a Follower of Cheibriados.
             Slain by an ogre
             ... wielding a +0 giant spiked club
              (29 damage)
             ... on level 6 of the Dungeon.
             The game lasted 00:13:54 (4774 turns).

Goblin1989 the Insei (Demonspawn Delver)            Turns: 4774, Time: 00:13:55

Health: -5/63      AC:  9    Str: 16    XL:     8   Next: 23%
Magic:  11/11      EV: 11    Int: 14    God:    Cheibriados [*.....]
Gold:   267        SH:  0    Dex: 19    Spells: 7/7 levels left

rFire   . .          .
                       - Unarmed
rCold   . . .        (no shield)
rNeg    + . .        G - +0 scale mail
rPois   .            H - +0 helmet
rElec   .            B - +0 cloak
rCorr   .            (no gloves)
SInv    .            (boots unavailable)
Will    .....        (no amulet)
Stlth   ++           I - ring of positive energy
HPRegen 0.30/turn    (no ring)
MPRegen 0.12/turn

%: no passive effects
@: very slow
A: hooves 3, demonic guardian 1, demonic magic 1, weakness stinger 1
a: Renounce Religion, Bend Time


You were on level 6 of the Dungeon.
You worshipped Cheibriados.
Cheibriados was aware of your devotion.
You visited 1 branch of the dungeon, and saw 6 of its levels.

You collected 351 gold pieces.
You spent 84 gold pieces at shops.

Inventory:

Hand Weapons
 a - a +1 dagger of venom
Missiles
 h - 4 silver javelins (quivered) {@Q3}
 r - 3 throwing nets {!d , @Q1}
 y - 5 poisoned darts
 z - 51 stones
 E - 2 curare-tipped darts
Armour
 B - a +0 cloak (worn)
 G - a +0 scale mail (worn)
 H - a +0 helmet (worn)
Jewellery
 I - a ring of positive energy (left hand)
 L - a ring of positive energy
Wands
 g - a wand of digging (3) {@v3}
 i - a wand of paralysis (7) {@v2}
 D - a wand of flame (8) {@v1}
Scrolls
 c - 2 scrolls of fog
 d - 2 scrolls of revelation
 e - 2 scrolls of fear
 k - 2 scrolls of noise {unknown}
 m - 2 scrolls of teleportation {unknown}
 o - 2 scrolls of enchant armour {unknown}
 p - a scroll of summoning {unknown}
 s - 7 scrolls of identify {unknown}
 C - a scroll of brand weapon {unknown}
 J - 2 scrolls of immolation {unknown}
Potions
 q - 4 potions of invisibility {unknown}
 t - 2 potions of might
 u - 3 potions of brilliance {unknown}
 w - a potion of heal wounds {unknown}
 x - a potion of resistance {unknown}
 A - a potion of curing {@q1}
 F - a potion of berserk rage {unknown}
 K - a potion of mutation {unknown}


   Skills:
 + Level 5.5 Fighting
 - Level 1.7 Short Blades
 + Level 2.8 Armour
 + Level 3.5 Dodging
 - Level 4.5 Stealth
 * Level 5.6 Unarmed Combat
 + Level 4.1 Invocations


You had 7 spell levels left.
You didn't know any spells.
Your spell library contained the following spells:

 Spells                   Type           Power      Damage    Failure   Level
 Mercury Vapours          Alch/Air       0%         N/A       83%         2
 Fugue of the Fallen      Necr           0%         N/A       97%         3
 Mephitic Cloud           Conj/Alch/Air  0%         N/A       97%         3
 Ozocubu's Armour         Ice            0%         N/A       97%         3
 Manifold Assault         Tloc           0%         N/A       100%        4
 Freezing Cloud           Conj/Ice/Air   0%         6-21      100%        5


Dungeon Overview and Level Annotations

Branches:
Dungeon (6/15) Zot: 39689  Temple (0/1) D:6

Altars:
Cheibriados
Fedhas
Sif Muna

Shops:
D:5 *

Annotations:
D:2 1 runed translucent door, Crazy Yiuf


Innate Abilities, Weirdness & Mutations

You have hooves in place of feet.
A weak demonic guardian rushes to your aid.
Spells you cast may paralyse adjacent enemies.
You have a small tail.


Message History

A black bear comes into view.
There is an open door here.
A hound comes into view.
The black bear growls angrily.
There is an open door here.
There is an open door here.
You hit the black bear. You kick the black bear.
The black bear is moderately wounded.
The black bear closely misses you. x2
The black bear claws you but does no damage.
You hit the black bear but do no damage.
Your kick misses the black bear.
The black bear is moderately wounded.
The black bear bites you. The black bear claws you.
The black bear closely misses you.
You take 7 damage, and have 56/63 hp.
You barely miss the black bear. You kick the black bear!
You tail-slap the black bear, but do no damage.
The black bear is severely wounded.
The black bear bites you but does no damage.
The black bear claws you.
The black bear claws you but does no damage.
You take 2 damage, and have 54/63 hp.
You barely miss the black bear. Your kick misses the black bear.
The black bear is severely wounded.
The black bear bites you.
The black bear claws you but does no damage.
The black bear misses you.
You take 1 damage, and have 53/63 hp.
You hit the black bear.
The black bear is severely wounded.
The black bear barely misses you.
The black bear claws you but does no damage.
The black bear closely misses you.
You barely miss the black bear. Your kick misses the black bear.
The black bear is severely wounded.
The black bear bites you.
The black bear claws you but does no damage.
The black bear barely misses you.
You take 2 damage, and have 52/63 hp.
You hit the black bear.
The black bear is severely wounded.
You hit the black bear. You punch the black bear.
The black bear is almost dead.
The black bear goes berserk!
You hit the black bear but do no damage.
You kick the black bear.
You kill the black bear!
Cheibriados appreciates the change of pace.
Your Invocations skill increases to level 4!
You barely miss the hound.
The hound bites you but does no damage. x2
You barely miss the hound. Your kick misses the hound.
You tail-slap the hound, but do no damage.
The hound barely misses you.
You completely miss the hound. Your kick misses the hound.
Your tail-slap misses the hound.
The hound closely misses you.
You closely miss the hound. You kick the hound.
The hound is lightly wounded.
The hound bites you. The hound bites you but does no damage.
You take 2 damage, and have 52/63 hp.
You hit the hound.
The hound is moderately wounded.
The hound misses you.
You closely miss the hound. Your kick misses the hound.
Your tail-slap misses the hound.
The hound is moderately wounded.
The hound barely misses you.
You hit the hound but do no damage. You kick the hound.
The hound is heavily wounded.
The hound closely misses you. The hound bites you.
You take 1 damage, and have 51/63 hp.
You punch the hound! Your kick misses the hound.
The hound is almost dead.
The hound misses you.
You barely miss the hound. Your kick misses the hound. You punch the hound.
You kill the hound!
Cheibriados appreciates the change of pace.
Magic restored.
The orc shouts!
You hear an angry growl.
There is an open door here.
There is an open door here.
An ogre comes into view. It is wielding a +0 giant spiked club.
Found a battleaxe.
The ogre moves out of view.
Health restored: 63; MP restored: 11
Found an embroidered scarf.
An ogre is nearby!
A jelly comes into view.
Found a scroll labelled LUTAAPP VADO.
The ogre hits you with a +0 giant spiked club!!
The jelly quivers.
You take 23 damage, and have 40/63 hp.
MASSIVE DAMAGE!!
You barely miss the ogre. You kick the ogre!
The ogre is moderately wounded.
The ogre hits you with a +0 giant spiked club!
* * * LOW HITPOINT WARNING * * *
You take 16 damage, and have 24/63 hp.
MASSIVE DAMAGE!!
You hit the ogre but do no damage. You kick the ogre.
The ogre is heavily wounded.
The ogre hits you with a +0 giant spiked club!!
You die...

...█....?. ..█████...
█∆███)██.█ ██.∆[?/█.███
. ∆.██...∆███J██...█ ..
█.█.(...█.█∆█....█
█∆██.█..$.h█...O....█
...█.█...hY█..██@...█
....██.!B██..██...██ .
...█████...██...██ ..
█.........█.....█
...██..)......∆.....█
.........██...██....█
...██....███∆███████████
.. █....██...██...██..██
█..........∆........█


You could see a black bear, an ogre and a jelly.

Vanquished Creatures
  2 ice beasts
  2 black bears
  2 phantoms (D:5)
  A scorpion (D:4)
  4 killer bees (D:6)
  A howler monkey (D:6)
  A jelly (D:6)
  An orc priest (D:4)
  3 hounds
  A sleepcap (D:6)
  An iguana (D:5)
  Jessica (D:2)
  2 orc wizards (D:5)
  Robin (D:2)
  3 adders
  3 gnolls (D:3)
  3 ribbon worms
  8 orcs
  5 endoplasms
  2 giant cockroaches
  14 goblins
  10 hobgoblins
  5 jackals
  5 quokkas
  8 ball pythons
  3 bats
  2 frilled lizards
  3 kobolds
  2 rats
99 creatures vanquished.

Notes
Turn   | Place    | Note
-------+----------+-------------------------------------------
     0 | D:5      | Goblin1989 the Demonspawn Delver began the quest for the
                  | Orb.
     0 | D:5      | Reached XP level 1. HP: 18/18 MP: 1/1
     0 | D:5      | Goblin1989: !hs dsde * -log
     0 | D:5      | beem: No games for dsde (*).
     0 | D:5      | Goblin1989: !hs dsde * -log
     0 | D:5      | beem: No games for dsde (*).
     0 | D:5      | Goblin1989: !hs * dsde -log
     0 | D:5      | beem: 19014. Sapher, XL27 DsDe, T:14443:
                  | https://crawl.xtahua.com/crawl/morgue/Sapher/morgue-Sapher-
                  | 20211230-153552.txt
    56 | D:4      | Discovered your monstrous ancestry.
    56 | D:4      | Gained mutation: You have large cloven feet. [demonic
                  | ancestry]
    56 | D:4      | Reached XP level 2. HP: 4/24 MP: 2/2
   145 | D:4      | Identified the +2 ring mail "Ylupn" {Rampage Int+4}
   404 | D:1      | Reached skill level 1 in Unarmed Combat
   569 | D:1      | Gained mutation: You have a small tail. [demonic ancestry]
   569 | D:1      | Reached XP level 3. HP: 29/30 MP: 3/3
   736 | D:2      | Found a faded altar of an unknown god.
   755 | D:2      | Noticed Robin
   762 | D:2      | Killed Robin
   955 | D:2      | Gained mutation: Spells you cast may paralyse adjacent
                  | enemies. [demonic ancestry]
   955 | D:2      | Reached XP level 4. HP: 29/37 MP: 4/4
  1025 | D:2      | Found a blossoming altar of Fedhas.
  1047 | D:2      | Noticed Jessica
  1054 | D:2      | Killed Jessica
  1085 | D:2      | Found a runed translucent door.
  1086 | D:2      | Noticed Crazy Yiuf
  1800 | D:3      | Gained mutation: You have hoof-like feet. [demonic
                  | ancestry]
  1800 | D:3      | Reached XP level 5. HP: 36/43 MP: 5/5
  1977 | D:3      | Found a snail-covered altar of Cheibriados.
  1977 | D:3      | Found a shimmering blue altar of Sif Muna.
  2032 | D:3      | Became a worshipper of Cheibriados the Contemplative
  2249 | D:4      | Noticed an ice beast
  2372 | D:4      | Killed an ice beast
  2373 | D:4      | Reached skill level 1 in Invocations
  2373 | D:4      | Reached XP level 6. HP: 24/50 MP: 6/6
  2590 | D:4      | Reached skill level 1 in Armour
  2887 | D:5      | Found Amueh's General Store.
  2898 | D:5      | Reached skill level 5 in Fighting
  2936 | D:5      | Bought a potion of curing for 36 gold pieces
  2936 | D:5      | Bought a potion of might for 48 gold pieces
  3059 | D:5      | Gained mutation: You have hooves in place of feet. [demonic
                  | ancestry]
  3059 | D:5      | Reached XP level 7. HP: 41/56 MP: 8/8
  3332 | D:5      | Reached * piety under Cheibriados
  4149 | D:6      | Found a staircase to the Ecumenical Temple.
  4187 | D:6      | Reached skill level 5 in Unarmed Combat
  4365 | D:6      | Gained mutation: A weak demonic guardian rushes to your
                  | aid. [demonic ancestry]
  4365 | D:6      | Reached XP level 8. HP: 13/62 MP: 10/10
  4774 | D:6      | Slain by an ogre

Illustrated notes

Levels and vault maps discovered:
D:1:      lightli_arrival_statue_moat, layout_rooms, nrook_mini_vaults
D:2:      layout_basic, serial_forest, infiniplex_forest_clump_tiny,
          infiniplex_forest_straight_4, infiniplex_forest_straight_4,
          infiniplex_forest_clump_medium, infiniplex_forest_straight_4,
          infiniplex_forest_clump_small, infiniplex_forest_fountain,
          infiniplex_forest_clump_curved, infiniplex_forest_clump_tiny,
          infiniplex_forest_lined_corner, ebering_ecumenical_altar_sacrificial,
          basic_altar, uniq_robin, uniq_jessica, uniq_crazy_yiuf_cottage
D:3:      layout_rooms, gammafunk_temple_overflow_claw, kennysheep_another_room
D:4:      layout_gridville
D:5:      wad_pebble_path, layout_loops_corners, enter_ossuary_5, serial_shops,
          nicolae_shop_getting_attention, nicolae_the_louvre
D:6:      layout_gridville, lemuel_round_altar, general_overflow_altar,
          gammafunk_temple_overflow_wave, minmay_temple_entry_sparse_star,
          minmay_joined_circles

Skill      XL: |  1  2  3  4  5  6  7  8 |
---------------+-------------------------+-----
Unarmed Combat | 1 2 3 4 5 |  5.6
Fighting       | 4 5 |  5.5
Dodging        | 2 3 |  3.5
Invocations    | 1 2 3 4 |  4.1
Armour         | 1 2 |  2.8
Short Blades   | |  1.7
Stealth        | |  4.5

Action                     |  1- 3 |  4- 6 |  7- 9 || total
---------------------------+-------+-------+-------++-------
  Melee: Short sword       |    56 |       |       ||    56
         Punch             |     2 |     2 |     6 ||    10
         Dagger            |    57 |   170 |    69 ||   296
         Kick              |    20 |    45 |    36 ||   101
         Tailslap          |     7 |    26 |    20 ||    53
         Unarmed           |       |       |    28 ||    28
 Invoke: Bend Time         |       |       |     1 ||     1
    Use: Potion            |       |       |     2 ||     2
   Stab: Sleeping          |     5 |     6 |       ||    11
 Armour: Leather armour    |    22 |       |       ||    22
         Ring mail         |    39 |    60 |       ||    99
         Scale mail        |       |    23 |   109 ||   132
  Dodge: Dodged            |    40 |    86 |    70 ||   196
